 Dungeon Crawl Stone Soup version 0.26-a0-812-g31a745ddcd (webtiles) character file.

Game seed: 5635175827409461282

190 Lanoc the Ducker (level 5, -10/35 HPs)
             Began as a Demonspawn Hedge Wizard on Nov 21, 2020.
             Was an Initiate of Vehumet.
             Mangled by an orc knight
             ... wielding a +2 long sword
             ... created by the fury of Okawaru
              (17 damage)
             ... on level 4 of the Dungeon.
             The game lasted 00:05:23 (2953 turns).

Lanoc the Ducker (Demonspawn Hedge Wizard)          Turns: 2953, Time: 00:05:23

Health: -10/35     AC:  3    Str: 10    XL:     5   Next: 41%
Magic:  5/9        EV: 13    Int: 17    God:    Vehumet [......]
Gold:   136        SH:  0    Dex: 12    Spells: 5/10 levels left

rFire    . . .     SeeInvis .   h - staff of death
rCold    . . .     Faith    .   (no shield)
rNeg     + . .     Spirit   .   b - +0 robe
rPois    +         Reflect  .   c - +1 hat
rElec    .         Harm     .   (no cloak)
rCorr    .         Rampage  .   (no gloves)
MR       .....                  (no boots)
Stlth    ++........             (no amulet)
HPRegen  0.11/turn              d - ring of poison resistance
MPRegen  0.11/turn              (no ring)

@: no status effects
A: hooves 1, demonic guardian 1
a: Renounce Religion


You were on level 4 of the Dungeon.
You worshipped Vehumet.
Vehumet was noncommittal.
You visited 1 branch of the dungeon, and saw 4 of its levels.
You also visited: Sewer.

You collected 136 gold pieces.

Inventory:

Armour
 b - a +0 robe (worn)
 c - a +1 hat (worn)
Magical Staves
 h - an uncursed staff of death (weapon)
Jewellery
 d - a ring of poison resistance (left hand)
Wands
 f - a wand of acid (8)
 o - a wand of random effects (12)
Scrolls
 a - a scroll of remove curse
Potions
 e - a potion of berserk rage {unknown}
 g - a potion of resistance
 j - a potion of heal wounds
 p - a potion of haste {unknown}


   Skills:
 + Level 3.8 Dodging
 - Level 1.7 Stealth
 - Level 3.0 Spellcasting
 * Level 3.8 Conjurations
 - Level 1.0 Summonings
 - Level 0.8 Translocations


You had 5 spell levels left.
You knew the following spells:

 Your Spells              Type           Power        Failure   Level
a - Magic Dart            Conj           ###.         3%          1
b - Call Imp              Summ           #.......     17%         2
c - Blink                 Tloc           N/A          19%         2

Your spell library contained the following spells:

 Spells                   Type           Power        Failure   Level
 Conjure Flame            Conj/Fire      #.......     24%         3
 Slow                     Hex            #.......     26%         2
 Mephitic Cloud           Conj/Pois/Air  #.......     30%         3


Dungeon Overview and Level Annotations

Branches:
Dungeon (4/15)              Sewer (visited)
 Temple: D:4-7

Altars:
Okawaru
Vehumet


Innate Abilities, Weirdness & Mutations

You have large cloven feet.
A weak demonic guardian rushes to your aid.


Message History

The magic dart hits the orc knight.
The orc knight is lightly wounded.
Casting: Magic Dart (safe; 3% risk of failure)
Confirm with . or Enter, or press ? or * to list all spells.
Aiming: Magic Dart (safe; 3% risk of failure)
Press: ? - help, Shift-Dir - straight line, f/p - orc knight
Aim: an orc knight, wielding a +2 long sword and wearing a +0 chain mail (black smoke, lightly wounded, durably summoned)
The magic dart hits the orc knight but does no damage.
The orc knight is lightly wounded.
The orc hits you but does no damage. The orc knight completely misses you.
Casting: Magic Dart (safe; 3% risk of failure)
Confirm with . or Enter, or press ? or * to list all spells.
Aiming: Magic Dart (safe; 3% risk of failure)
Press: ? - help, Shift-Dir - straight line, f/p - orc knight
Aim: an orc knight, wielding a +2 long sword and wearing a +0 chain mail (black smoke, lightly wounded, durably summoned)
The magic dart hits the orc knight but does no damage.
The orc knight is lightly wounded.
The orc closely misses you.
The orc knight hits you with a +2 long sword!
You die...

#.#
*,≈,,,,,,*≈≈*****,,
#.#
*,≈,,***,≈≈,,*,≈≈,*
#######.# *,≈,**
***,≈≈≈*,≈≈,
........### **≈**
****≈***≈≈
#########.## *≈*
*≈* *,*
########...## ***
***********,,
o..C........## ###
*,,,,,,,,,,,*
.#####.......###o#
*,***********
.......(..o.ooo5@#
*,*
######.......#####
*,*
##.....##*******,*
##......,,,,,,,,*
##.#####********
###


You could see an orc knight, an orc priest, an orc and a friendly quasit
(summoned).

Vanquished Creatures
  A water moccasin (Sewer)
  A hound (D:4)
  Ijyb (D:4)
  3 adders
  A dart slug (D:2)
  A leopard gecko (D:1)
  3 giant cockroaches
  3 goblins
  3 hobgoblins
  4 jackals (D:3)
  3 kobolds
  10 bats
  A frilled lizard (D:4)
  A quokka skeleton (D:4)
  4 rats
40 creatures vanquished.

Vanquished Creatures (collateral kills)
  An adder (D:3)
  3 giant cockroaches (D:3)
4 creatures vanquished.

Grand Total: 44 creatures vanquished

Notes
Turn   | Place    | Note
-------+----------+-------------------------------------------
     0 | D:1      | Lanoc the Demonspawn Hedge Wizard began the quest for the
                  | Orb.
     0 | D:1      | Reached XP level 1. HP: 13/13 MP: 4/4
   631 | D:1      | Gained mutation: A weak demonic guardian rushes to your
                  | aid. [demonic ancestry]
   631 | D:1      | Reached XP level 2. HP: 14/19 MP: 0/6
   914 | D:2      | Learned a level 2 spell: Call Imp
   917 | D:2      | Learned a level 2 spell: Blink
  1259 | D:3      | Reached XP level 3. HP: 24/24 MP: 4/7
  1419 | D:3      | Found a glowing drain.
  1458 | Sewer    | Entered a sewer
  1572 | Sewer    | Noticed a water moccasin
  1594 | Sewer    | Killed a water moccasin
  1594 | Sewer    | Reached XP level 4. HP: 30/30 MP: 6/8
  2213 | D:3      | Found a faded altar of an unknown god.
  2223 | D:3      | Became a worshipper of Warmaster Okawaru
  2223 | D:3      | Reached * piety under Okawaru
  2438 | D:4      | Gained mutation: You have large cloven feet. [demonic
                  | ancestry]
  2438 | D:4      | Reached XP level 5. HP: 35/35 MP: 3/9
  2497 | D:4      | Noticed Ijyb
  2524 | D:4      | Killed Ijyb
  2833 | D:4      | Found a radiant altar of Vehumet.
  2871 | D:4      | Fell from the grace of Okawaru
  2871 | D:4      | Became a worshipper of Vehumet
  2921 | D:4      | Noticed an orc knight
  2921 | D:4      | Noticed a troll
  2921 | D:4      | Noticed an orc warrior
  2921 | D:4      | Noticed a cyclops
  2953 | D:4      | Mangled by an orc knight

Illustrated notes

Levels and vault maps discovered:
D:1:      tarquinn_simple_flora_water_d, layout_loops_ring,
          minmay_misc_feat_five
D:2:      layout_loops_corners, minmay_hexomino_r4
D:3:      layout_basic, gup_sewer_entry_glass,
          chequers_ecumenical_altar_simple_redux, lemuel_another_geyser
D:4:      layout_loops_ring, marbit_many_paths, kennysheep_mini_moat,
          nicolae_overflow_hidden_temple, serial_rivers,
          chequers_serial_rivers_micro_b, chequers_serial_rivers_micro_a,
          chequers_serial_rivers_micro_e, chequers_serial_rivers_micro_b,
          chequers_serial_rivers_small_b, chequers_serial_rivers_micro_a,
          uniq_grinder, uniq_pikel, uniq_ijyb, uniq_crazy_yiuf_cottage,
          uniq_natasha

Skill      XL: |  1  2  3 |
---------------+----------+-----
Dodging        | 2 3 |  3.8
Conjurations   | 2 3 |  3.8
Stealth        | |  1.7
Spellcasting   | |  3.0
Summonings     | |  1.0
Translocations | |  0.8

Action                   |  1- 3 |  4- 6 || total
-------------------------+-------+-------++-------
Melee: Dagger            |     9 |       ||     9
       Staff             |    18 |    25 ||    43
       Kick              |       |     3 ||     3
 Cast: Magic Dart        |    64 |    50 ||   114
  Use: Scroll            |     5 |     7 ||    12
       Potion            |     1 |       ||     1
Armor: Robe              |    10 |     6 ||    16
Dodge: Dodged            |    59 |    43 ||   102

Table legend: (Time is in decaauts)
 A = Elapsed time spent in this place.
 B = Non-inter-level travel time spent in this place.
 C = Inter-level travel time spent in this place.
 D = Time resting spent in this place.
 E = Time spent auto-exploring this place.
 F = Levels seen in this place.
 G = Mean time per level.
                   A        B        C        D        E       F      G
               +--------+--------+--------+--------+--------+-----+--------+
         Total |   2964 |   2942 |     22 |      0 |   2408 |   5 |  592.8 |
       Dungeon |   2718 |   2696 |     22 |      0 |   2259 |   4 |  679.5 |
         Sewer |    246 |    246 |      0 |      0 |    149 |   1 |  246.0 |
               +--------+--------+--------+--------+--------+-----+--------+

Top non-repeatable levels by time:
     D:3: 961 daAuts
     D:1: 648 daAuts
     D:2: 560 daAuts
     D:4: 547 daAuts
   Sewer: 246 daAuts
